 Dungeon Sprint DCSS version 0.24-a0-458-gfcb5e6da0e (webtiles) character file.

Game seed: 12091309106932440110

42 epen the Skirmisher (level 3, -1/34 HPs)
             Began as a Ghoul Monk on June 26, 2019.
             Was a Believer of Cheibriados.
             Killed by divine providence
             ... invoked by an orc priest
              (9 damage)
             ... in the Dungeon (Sprint IX: "|||||||||||||||||||||||||||||").
             The game lasted 00:01:59 (240 turns).

epen the Skirmisher (Ghoul Monk)                     Turns: 240, Time: 00:02:00

Health: -1/34      AC: 11    Str: 18    XL:     3   Next: 54%
Magic:  2/2        EV: 13    Int: 12    God:    Cheibriados [**....]
Gold:   0          SH:  0    Dex: 16    Spells: 2/2 levels left

rFire    . . .     SeeInvis .     - Unarmed
rCold    + . .     Gourm    .   (no shield)
rNeg     + + +     Faith    .   p - +2 ring mail
rPois    ∞         Spirit   .   o - +0 helmet
rElec    .         Reflect  .   q - +0 cloak
rCorr    .         Harm     .   (no gloves)
MR       .....     NoTele   +   (no boots)
Stlth    ++........             (no amulet)
HPRegen  0.00/turn              m - +3 ring of intelligence
MPRegen  0.08/turn              n - +2 ring of protection

@: rotting, very slow
A: rotting body, claws 1, carnivore, cold resistance 1, negative energy
resistance 3, inhibited regeneration, torment resistance, unbreathing
a: Bend Time, Renounce Religion


You were in the Dungeon.
You worshipped Cheibriados.
Cheibriados was pleased with you.
You were not hungry.

You visited 1 branch

Inventory:

Armour
 a - a +0 robe
 o - a +0 helmet (worn)
 p - a +2 ring mail (worn)
 q - a +0 cloak (worn)
Jewellery
 m - a +3 ring of intelligence (left claw)
 n - a +2 ring of protection (right claw)
Wands
 l - a wand of iceblast (10)
Scrolls
 h - 2 scrolls of blinking
 j - 3 scrolls of remove curse
 k - 2 scrolls of amnesia
Potions
 c - a potion of invisibility
 d - 2 potions of heal wounds
 e - a potion of haste
 f - 4 potions of magic
 g - a potion of berserk rage
 i - 4 potions of curing
Comestibles
 b - a ration


   Skills:
 + Level 4.6 Fighting
 + Level 2.4 Armour
 + Level 3.8 Dodging
 + Level 4.1 Stealth
 + Level 4.6 Unarmed Combat


You had 2 spell levels left.
You didn't know any spells.
Your spell library was empty.

Dungeon Overview and Level Annotations

Branches:
Dungeon (1/1)

Altars:
Cheibriados
Dithmenos
Elyvilon
Fedhas
Gozag
Hepliaklqana
Kikubaaqudgha
Makhleb
Nemelex Xobeh
Okawaru
Qazlal
Ru
Sif Muna
Trog
Uskayaw
Vehumet
Wu Jian
Xom
Yredelemnul
Zin
The Shining One
Beogh
Jiyva
Lugonu


Innate Abilities, Weirdness & Mutations

Your body is rotting away.
You thrive on raw meat.
You are immune to poison.
You have sharp fingernails.
You are carnivorous and can eat meat at any time.
Your flesh is cold resistant. (rC+)
You are immune to negative energy. (rN+++)
You do not regenerate when monsters are visible.
You are immune to unholy pain and torment.
You can survive without breathing.


Message History

You barely miss the hippogriff.
The hippogriff is heavily wounded.
The hippogriff barely misses you. The hippogriff closely misses you.
The hippogriff completely misses you.
You scratch the hippogriff.
The hippogriff is severely wounded.
The hippogriff bites you but does no damage.
The hippogriff misses you. The hippogriff closely misses you.
You barely miss the hippogriff.
The hippogriff is severely wounded.
The hippogriff bites you. The hippogriff pecks you. The hippogriff claws you.
* * * LOW HITPOINT WARNING * * *
You barely miss the hippogriff.
The hippogriff is severely wounded.
The hippogriff bites you but does no damage.
The hippogriff pecks you but does no damage.
The hippogriff claws you but does no damage.
The orc priest calls down the wrath of Beogh upon you.
Beogh smites you!
You die...

▓+▓
▓.▓
▓c▓
▓a▓
▓o▓
▓F▓
▓H▓
▓@▓
▓.▓
▓.▓
▓.▓
▓.▓
▓.▓
▓)▓
▓|▓
▓.▓


You could see a hippogriff, a bullfrog, a centaur, a worker ant and an orc
priest.

Vanquished Creatures
  A hound (D)
  A leopard gecko (D)
  A giant cockroach (D)
  A goblin (D)
  A hobgoblin (D)
  A jackal (D)
  2 quokkas (D)
  A frilled lizard (D)
  A kobold (D)
  A rat (D)
11 creatures vanquished.

Notes
Turn   | Place    | Note
-------+----------+-------------------------------------------
     0 | D        | epen the Ghoul Monk began the quest for the Orb.
     0 | D        | Reached XP level 1. HP: 19/19 MP: 0/0
    12 | D        | Reached skill level 1 in Armour
    22 | D        | Noticed a hound
    27 | D        | Reached XP level 2. HP: 12/27 MP: 1/1
    42 | D        | HP: 1/27 [hound (6)]
    51 | D        | Reached XP level 3. HP: 15/34 MP: 2/2
   146 | D        | Found a roughly hewn altar of Beogh.
   146 | D        | Found a snail-covered altar of Cheibriados.
   146 | D        | Found a shadowy altar of Dithmenos.
   146 | D        | Found a white marble altar of Elyvilon.
   146 | D        | Found a blossoming altar of Fedhas.
   146 | D        | Found an opulent altar of Gozag.
   147 | D        | Found a hazy altar of Hepliaklqana.
   148 | D        | Found a viscous altar of Jiyva.
   149 | D        | Found an ancient bone altar of Kikubaaqudgha.
   150 | D        | Found a corrupted altar of Lugonu.
   152 | D        | Became a worshipper of Cheibriados the Contemplative
   152 | D        | Reached * piety under Cheibriados
   152 | D        | Reached ** piety under Cheibriados
   154 | D        | Found a burning altar of Makhleb.
   155 | D        | Found a sparkling altar of Nemelex Xobeh.
   156 | D        | Found an iron altar of Okawaru.
   157 | D        | Found a stormy altar of Qazlal.
   158 | D        | Found a sacrificial altar of Ru.
   159 | D        | Found a deep blue altar of Sif Muna.
   160 | D        | Found a bloodstained altar of Trog.
   161 | D        | Found a hide-covered altar of Uskayaw.
   162 | D        | Found a radiant altar of Vehumet.
   163 | D        | Found an ornate altar of the Wu Jian Council.
   164 | D        | Found a shimmering altar of Xom.
   165 | D        | Found a basalt altar of Yredelemnul.
   166 | D        | Found a glowing silver altar of Zin.
   167 | D        | Found a glowing golden altar of the Shining One.
   230 | D        | Noticed a centaur
   230 | D        | Noticed a bullfrog
   230 | D        | Noticed a hippogriff
   240 | D        | Killed from afar by an orc priest

Levels and vault maps discovered:
D:        linesprint [early_d, line_temple, items_1, d_10, items_2, lair_1,
          lair_end, items_3, orc_1, orc_end, items_4, d_15, swamp_1, shoals_1,
          snake_1, spider_1, d_20, vaults_1, items_5, swamp_end, shoals_end,
          snake_end, spider_end, vaults_end, d_27, items_6, zot_1, zot_end,
          crypt_end, forest_end, elf_end, slime_end, tomb_end, abyss_end,
          pan_hell_end]

Skill      XL: |  1  2 |
---------------+-------+-----
Armour         | 1 2 |  2.4
Dodging        | 3 |  3.8
Stealth        | 3 4 |  4.1
Fighting       | 4 |  4.6
Unarmed Combat | 4 |  4.6

Action                   || total
-------------------------++-------
Melee: Unarmed           ||    52
  Use: Potion            ||     2
  Eat: Chunk             ||     3
Armor: Robe              ||     3
       Ring mail         ||     7
Dodge: Dodged            ||    34

Table legend:
 A = Non-vault XP
 B = Vault XP
 C = Vault XP percentage of total XP
 D = Non-vault monster count
 E = Vault monster count
 F = Vault count percentage of total count
                 A         B        C        D         E       F
            +---------+---------+-------+---------+---------+-------
      Total |       0 |      60 | 100.0 |       0 |      11 | 100.0
            +---------+---------+-------+---------+---------+-------
          D |       0 |      60 | 100.0 |       0 |      11 | 100.0
            +---------+---------+-------+---------+---------+-------
